 Dungeon Crawl Stone Soup version 0.32-a0-779-g362cfcae2a (webtiles) character file.

Game seed: 17403055508806105134

58 DocEon the Poker (level 4, -3/33 HPs)
             Began as a Merfolk Gladiator on Mar 20, 2024.
             Slain by Terence
             ... wielding a +0 flail
              (8 damage)
             ... on level 1 of the Dungeon.
             The game lasted 00:01:35 (1553 turns).

DocEon the Poker (Merfolk Gladiator)                Turns: 1553, Time: 00:01:36

Health: -3/33      AC:  5    Str: 14    XL:     4   Next: 1%
Magic:  4/4        EV: 12    Int:  7    God:
Gold:   29         SH:  0    Dex: 17    Spells: 2/3 levels left

rFire   . . .        a - +0 trident
rCold   . . .        (no shield)
rNeg    . . .        b - +0 leather armour
rPois   .            c - +0 helmet
rElec   .            (no cloak)
rCorr   .            f - +0 pair of gloves
SInv    .            (no boots)
Will    .....        (no amulet)
Stlth   +            (no ring)
HPRegen 0.25/turn    (no ring)
MPRegen 0.09/turn

%: no passive effects
@: no status effects
A: (nimble swimmer 2), mertail
a: no special abilities


You were on level 1 of the Dungeon.
You visited 1 branch of the dungeon, and saw 2 of its levels.

You collected 29 gold pieces.

Inventory:

Hand Weapons
 a - a +0 trident (weapon)
Missiles
 d - 3 throwing nets (quivered)
 e - a javelin
Armour
 b - a +0 leather armour (worn)
 c - a +0 helmet (worn)
 f - a +0 pair of gloves (worn)
Scrolls
 g - a scroll of amnesia {unknown}
 i - a scroll of identify {unknown}
Potions
 h - a potion of berserk rage {unknown}
 j - a potion of cancellation {unknown}
 k - a potion of heal wounds {unknown}
 l - a potion of attraction {unknown}


   Skills:
 - Level 2.1 Fighting
 * Level 6.3 Polearms
 - Level 2.0 Throwing
 - Level 4.0 Dodging


You had 2 spell levels left.
You knew the following spells:

 Your Spells              Type           Power      Damage    Failure   Level
a - Apportation           Tloc           0%         N/A       52%         1

Your spell library contained the following spells:

 Spells                   Type           Power      Damage    Failure   Level


Dungeon Overview and Level Annotations

Branches:
Dungeon (2/15)

Altars:

Annotations:
D:1 Terence
D:2 Robin


Innate Abilities, Weirdness & Mutations

((You are very nimble when in or above water. (Stealth+, EV+, Speed+++)))
Your lower body shifts to a powerful aquatic tail in water.


Message History

Terence hits you but does no damage.
You hit Terence but do no damage.
Terence is moderately wounded.
Terence barely misses you.
You barely miss Terence.
Terence is moderately wounded.
Terence barely misses you.
You puncture Terence!
Terence is severely wounded.
Terence barely misses you.
You hit Terence.
Terence is almost dead.
Terence misses you.
You barely miss Terence.
Terence is almost dead.
Terence barely misses you.
You hit Terence but do no damage.
Terence is almost dead.
Terence hits you with a +0 flail.
You hit Terence but do no damage.
Terence is almost dead.
Terence says, "Don't bother to defend, it's senseless."
Terence hits you with a +0 flail!
You are too injured to fight recklessly!
You are too injured to fight recklessly!
You are too injured to fight recklessly!
You are too injured to fight recklessly!
You are too injured to fight recklessly!
You are too injured to fight recklessly!
You are too injured to fight recklessly!
You are too injured to fight recklessly!
You hit Terence but do no damage.
Terence is almost dead.
Terence hits you with a +0 flail.
* * * LOW HITPOINT WARNING * * *
You hit Terence.
Terence is almost dead.
Terence hits you with a +0 flail!
You die...
Terence says, "Time to find some more victims."

#..#.....#.#####.#.#
#..#.###.#.......#.#
#..#.#...#.#######.#############
#..#.#.###......................
#.............####.#############
#..#.#.######.###...............
#..#.....#..#.##...########.#.##
#...##.#.#..#.@.[..########.#.##
##.....#.#..#..@................
#.....#.#..#......#.########.#.
#....##.#..#......#.# #....#.
#.................#†# #.##...
#..........###+##.#.#####.##.##
#.........)##.............##.#
#..............#####'#######'#
#####....#.###.## ##.........##
#.#.........###...#####...#


You could see Terence.

Vanquished Creatures
  2 adders (D:2)
  4 dart slugs
  2 bats (D:1)
  2 endoplasms
  2 giant cockroaches (D:1)
  5 hobgoblins (D:1)
  A quokka (D:2)
  2 ball pythons (D:1)
  A frilled lizard (D:1)
  5 goblins
  2 kobolds (D:1)
  3 rats
31 creatures vanquished.

Notes
Turn   | Place    | Note
-------+----------+-------------------------------------------
     0 | D:1      | DocEon the Merfolk Gladiator began the quest for the Orb.
     0 | D:1      | Reached XP level 1. HP: 16/16 MP: 1/1
   153 | D:1      | Reached XP level 2. HP: 19/22 MP: 2/2
   354 | D:1      | Reached skill level 5 in Polearms
   560 | D:1      | Reached XP level 3. HP: 24/27 MP: 3/3
   906 | D:2      | Found a faded altar of an unknown god.
   912 | D:2      | Got Plato's Compendium of Translocation
   962 | D:2      | Learned a level 1 spell: Apportation
  1017 | D:2      | Reached skill level 6 in Polearms
  1058 | D:2      | Noticed Robin
  1445 | D:2      | Reached XP level 4. HP: 23/33 MP: 4/4
  1525 | D:2      | Noticed Terence
  1553 | D:1      | Slain by Terence

Illustrated notes

Levels and vault maps discovered:
D:1:      roderic_octagonal_star, layout_basic, grunt_decor_fettered
D:2:      layout_basic, shapermc_ecumenical_altar_rom_forum, uniq_terence,
          uniq_robin

Skill      XL: |  1  2  3 |
---------------+----------+-----
Polearms       | 5 6 |  6.3
Fighting       | |  2.1
Throwing       | |  2.0
Dodging        | |  4.0

Action                     |  1- 3 |  4- 6 || total
---------------------------+-------+-------++-------
  Melee: Trident           |   131 |    17 ||   148
    Use: Scroll            |     1 |       ||     1
   Stab: Sleeping          |     2 |       ||     2
 Armour: Leather armour    |    52 |     8 ||    60
  Dodge: Dodged            |    67 |    10 ||    77

Table legend: (Time is in decaauts)
 A = Elapsed time spent in this place.
 B = Non-inter-level travel time spent in this place.
 C = Inter-level travel time spent in this place.
 D = Time resting spent in this place.
 E = Time spent auto-exploring this place.
 F = Levels seen in this place.
 G = Mean time per level.
                   A        B        C        D        E       F      G
               +--------+--------+--------+--------+--------+-----+--------+
         Total |   1556 |   1493 |     63 |    232 |    974 |   2 |  778.0 |
       Dungeon |   1556 |   1493 |     63 |    232 |    974 |   2 |  778.0 |
               +--------+--------+--------+--------+--------+-----+--------+

Top non-repeatable levels by time:
     D:1: 927 daAuts
     D:2: 629 daAuts
